 Dungeon Crawl Stone Soup version 0.31-a0-604-g8e0283293c (webtiles) character file.

Game seed: 5041717262087343683

102264 gruber the Convoker (level 16, -5/92 HPs)
             Began as a Tengu Summoner on Aug 21, 2023.
             Was a High Priest of Sif Muna.
             Killed from afar by an ice dragon (63 damage)
             ... with a blast of cold
             ... on level 14 of the Dungeon on Aug 22, 2023.
             The game lasted 00:55:29 (24639 turns).

gruber the Convoker (Tengu Summoner)               Turns: 24639, Time: 00:55:30

Health: -5/92      AC: 10    Str: 12    XL:     16   Next: 32%
Magic:  20/32      EV: 17    Int: 22    God:    Sif Muna [*****.]
Gold:   1136       SH:  6    Dex: 15    Spells: 3/37 levels left

rFire   . . .        X - +10 trident of the Moon {flame, Str+2}
rCold   . . .        E - +0 buckler
rNeg    . . .        L - +0 troll leather armour
rPois   .            (helmet restricted)
rElec   .            f - +0 cloak
rCorr   .            G - +0 pair of gloves
SInv    .            (boots unavailable)
Will    +....        t - amulet of regeneration
Stlth   ++           Y - ring of wizardry
HPRegen 1.95/turn    T - +4 ring of protection
MPRegen 0.23/turn

%: wizardry (x1)
@: flying quickly and evasively, quick
A: beak, talons 3, nimble flight
a: Renounce Religion, Channel Magic, Forget Spell, Divine Exegesis


You were on level 14 of the Dungeon.
You worshipped Sif Muna.
Sif Muna was extremely pleased with you.
You visited 3 branches of the dungeon, and saw 20 of its levels.

You collected 1283 gold pieces.
You spent 147 gold pieces at shops.

Inventory:

Hand Weapons
 X - the +10 trident of the Moon (weapon) {flame, Str+2}
   (You found it on level 5 of the Lair of Beasts)

   Str+2:     It affects your strength (+2).
Missiles
 l - 7 curare-tipped darts
 q - 32 poisoned darts
 A - 7 throwing nets
Armour
 f - a +0 cloak (worn)
 D - a +0 kite shield of cold resistance
 E - a +0 buckler (worn)
 G - a +0 pair of gloves (worn)
 L - a +0 troll leather armour (worn)
Jewellery
 j - a ring of see invisible
 p - a ring of positive energy
 r - a ring of protection from fire
 t - an amulet of regeneration (around neck)
 C - a ring of willpower
 J - a ring of resist corrosion
 T - a +4 ring of protection (right hand)
 Y - a ring of wizardry (left hand)
Wands
 a - a wand of iceblast (1)
 v - a wand of charming (22)
 y - a wand of flame (15)
 z - a wand of polymorph (8)
 N - a wand of light (5)
 P - a wand of digging (1)
Scrolls
 d - 4 scrolls of brand weapon {unknown}
 e - 9 scrolls of teleportation
 h - a scroll of silence {unknown}
 i - 4 scrolls of blinking
 k - 2 scrolls of noise {unknown}
 o - 5 scrolls of enchant weapon {unknown}
 s - a scroll of summoning {unknown}
 u - 6 scrolls of fog {unknown}
 H - 2 scrolls of vulnerability
 K - 2 scrolls of poison {unknown}
 M - a scroll of revelation {unknown}
 Q - 2 scrolls of enchant armour {unknown}
 S - 2 scrolls of fear
 W - a scroll of immolation {unknown}
 Z - 2 scrolls of amnesia
Potions
 b - 3 potions of berserk rage
 c - a potion of heal wounds
 g - 4 potions of enlightenment
 m - 7 potions of brilliance
 n - 12 potions of curing
 w - a potion of ambrosia
 x - 2 potions of haste
 B - a potion of cancellation
 F - 3 potions of invisibility
 I - 2 potions of might
 O - 2 potions of mutation
 R - a potion of lignification
 U - 2 potions of attraction


   Skills:
 - Level 7.3 Fighting
 - Level 11.1 Polearms
 - Level 7.0 Armour
 - Level 7.0 Dodging
 - Level 2.0 Stealth
 * Level 7.6 Shields
 - Level 11.0 Spellcasting
 - Level 20.1 Summonings
 - Level 5.0 Translocations
 - Level 6.0 Air Magic


You had 3 spell levels left.
You knew the following spells:

 Your Spells              Type           Power      Damage    Failure   Level
a - Summon Small Mammal   Summ           100%       N/A       0%          1
b - Call Imp              Summ           100%       N/A       0%          2
c - Call Canine Familiar  Summ           79%        N/A       0%          3
d - Summon Lightning Spi  Summ/Air       62%        N/A       1%          4
e - Summon Horrible Thin  Summ           39%        N/A       6%          8
f - Malign Gateway        Summ/Tloc      30%        N/A       16%         7
g - Summon Guardian Gole  Hex/Summ       54%        N/A       1%          3
h - Summon Cactus Giant   Summ           39%        N/A       1%          6

Your spell library contained the following spells:

 Spells                   Type           Power      Damage    Failure   Level
 Shock                    Conj/Air       100%       1d9       1%          1
 Lesser Beckoning         Tloc           68%        N/A       1%          2
 Poisonous Vapours        Pois/Air       50%        N/A       1%          2
 Swiftness                Air            38%        N/A       1%          3
 Kiss of Death            Conj/Necr      48%        2d9       3%          1
 Mephitic Cloud           Conj/Pois/Air  20%        N/A       4%          3
 Portal Projectile        Hex/Tloc       46%        N/A       4%          3
 Wereblood                Tmut           12%        N/A       5%          2
 Frozen Ramparts          Ice            24%        1d4       11%         3
 Tukima's Dance           Hex            12%        N/A       11%         3
 Airstrike                Air            19%        2d(3-19)  3%          4
 Passage of Golubria      Tloc           34%        N/A       4%          4
 Iskenderun's Mystic Bla  Conj/Tloc      23%        2d6       12%         4
 Silence                  Hex/Air        12%        N/A       26%         5
 Petrify                  Tmut/Erth      12%        N/A       32%         4
 Freezing Cloud           Conj/Ice/Air   10%        6-21      38%         5
 Haunt                    Necr/Summ      27%        N/A       41%         7
 Spellforged Servitor     Conj/Summ      27%        N/A       41%         7
 Dispersal                Tloc           17%        N/A       52%         6
 Alistair's Intoxication  Tmut/Pois      8%         N/A       65%         5
 Irradiate                Conj/Tmut      6%         3d13      65%         5
 Metabolic Englaciation   Hex/Ice        6%         N/A       65%         5
 Simulacrum               Ice/Necr       6%         N/A       99%         6
 Ozocubu's Refrigeration  Ice            6%         4d8       100%        7
 Lehudib's Crystal Spear  Conj/Erth      6%         10d3      100%        8
 Polar Vortex             Ice            6%         N/A       100%        9


Dungeon Overview and Level Annotations

Branches:
Dungeon (14/15)            Temple (1/1) D:5            Lair (5/5) D:9
 Shoals (0/4) Lair:2        Snake (0/4) Lair:3        Slime (0/5) Lair:5
    Orc (0/2) D:9          Vaults (0/5) D:13

Altars:
Ashenzari
Cheibriados
Dithmenos
Elyvilon
Fedhas
Gozag
Hepliaklqana
Kikubaaqudgha
Makhleb
Nemelex Xobeh
Okawaru
Qazlal
Ru
Sif Muna
Trog
Uskayaw
Vehumet
Wu Jian
Xom
Yredelemnul
Zin
The Shining One
Jiyva

Shops:
D:4 (!!**

Annotations:
D:7 Prince Ribbit
D:12 3 runed translucent doors, casual's ghost, journeyman MeMo


Innate Abilities, Weirdness & Mutations

You have a beak for a mouth.
You have claws for feet.
Your magical nature lets you fly swiftly and evasively.


Message History

Unknown command.
You start resting.
A blast of cold appears from out of your range of vision.
The blast of cold hits your warg!
You start resting.
HP restored.
An ice dragon comes into view.
Reach: X) +10 trident of the Moon {flame, Str+2}
Press: ? - help, Dir - move target, f - ice dragon
Aim: an ice dragon (catching its breath, about 22% to evade the +10 trident of the Moon)
You could not reach far enough!
Your warg disappears in a puff of smoke!
Your cactus giant barely misses the ice dragon.
The ice dragon is struck by your cactus giant's spines.
The ice dragon bites your cactus giant. The ice dragon claws your cactus giant!
The ice dragon tramples your cactus giant!
Your cactus giant holds its ground!
Unknown command.
Unknown command.
Reach: X) +10 trident of the Moon {flame, Str+2}
Press: ? - help, Dir - move target, f/p - ice dragon
Aim: an ice dragon (lightly wounded, catching its breath, ally target, about 22% to evade the +10 trident of the Moon)
You reach to attack!
You puncture the ice dragon! You burn the ice dragon.
The ice dragon is lightly wounded.
Unknown command.
Unknown command.
Casting: Call Canine Familiar (safe; 0% risk of failure)
Confirm with . or Enter, or press ? or * to list all spells.
The ice dragon is struck by your cactus giant's spines.
The ice dragon barely misses your cactus giant.
The ice dragon claws your cactus giant!
The ice dragon tramples your cactus giant!
Your cactus giant stumbles backwards!
Unknown command.
Unknown command.
Casting: Call Canine Familiar (safe; 0% risk of failure)
Confirm with . or Enter, or press ? or * to list all spells.
The ice dragon breathes frost at you. The blast of cold hits you!!
The blast of cold hits you!!!
Ouch! That really hurt!
You die...

#####'.#.# # #..'..#.#
#....# #####)... #..#)# #
#..'..#.# ##.#.## .#
+..##.#.# #.#..#####..#
#.='..#.# #.##......Q#
#.###.#.# #.#####[####
####.#####..
..###..XD.####.#.#.#.##.#
..##..h.@C.##.#.#.#.#.#..
..#...#X#X..#.#.#.#.#.#..
..#..##X##..##.#.#.#.##..
.......#.....#.#.#.#.#..#
...#..##.##..#.#.#)#.#.#.#
...#...#.#...#.#.#.#.#.#..
. ##.......###.#.#.#.##.#
##.....## #.#.#.#.##.#
..#####.#########.#####.#


You could see an ice dragon (catching breath, ally target), 4 friendly large
abominations, a friendly cactus giant (summoned) and a friendly warg (summoned).

Vanquished Creatures
  A dire elephant (Lair:5)
  A catoblepas (Lair:4)
  3 hydras
  2 boulder beetles
  A death yak (Lair:4)
  A spriggan simulacrum (D:14)
  3 deep elf pyromancers
  2 cyclopes (D:14)
  4 ugly things
  3 elephants
  A manticore (D:13)
  A torpor snail (Lair:4)
  3 cane toads
  A komodo dragon (Lair:2)
  An anaconda simulacrum (D:14)
  A troll (D:9)
  A wind drake (Lair:5)
  2 blink frogs (Lair:1)
  5 slime creatures
  A dire elephant simulacrum (D:14)
  9 yaks
  2 basilisks
  2 vampire mosquitoes (D:13)
  A warg (D:11)
  5 water moccasins
  2 centaurs
  7 wolves
  A kobold brigand (D:9)
  7 bullfrogs
  A lindwurm simulacrum (D:14)
  3 howler monkeys
  A jelly (Lair:5)
  An orc priest (D:9)
  A hound (D:5)
  Terence (D:2)
  A sleepcap (D:5)
  An iguana (D:6)
  2 orc wizards (D:5)
  A gnoll (D:7)
  2 river rats (D:5)
  An adder (D:3)
  2 white imps
  An ufetubus (D:6)
  2 worms
  A dart slug (D:1)
  7 orcs
  5 ball pythons
  A bat (D:1)
  7 endoplasms
  A giant cockroach (D:1)
  4 hobgoblins
  4 kobolds
  A quokka (D:3)
  3 frilled lizards
  5 goblins
  2 rats
  A butterfly (D:5)
137 creatures vanquished.

Vanquished Creatures (collateral kills)
  Jorgrun (D:14)
  5 hydras
  8 two-headed ogres
  4 boulder beetles
  2 centaur warriors
  3 tengu warriors
  2 skeletal warriors
  A skyshark (Lair:5)
  A sea snake (Lair:5)
  A deep troll (Lair:1)
  A spriggan simulacrum (D:14)
  A harpy (shapeshifter) (D:13)
  An orc knight (D:11)
  3 ugly things (D:14)
  A deep elf pyromancer (D:14)
  A cyclops (D:11)
  A wolf spider (D:14)
  2 manticores (D:12)
  6 elephants
  4 black mambas
  Joseph (D:7)
  A water nymph (Lair:2)
  6 cane toads
  3 rime drakes
  An unseen horror (D:11)
  2 efreet
  7 komodo dragons
  2 tengu conjurers
  3 polar bears
  6 trolls
  A wind drake (Lair:5)
  8 blink frogs
  A snapping turtle (Lair:5)
  3 shadows
  Eustachio (D:6)
  9 slime creatures
  24 yaks
  A wraith (D:11)
  8 basilisks
  2 wyverns
  2 steam dragons
  Menkaure (D:6)
  A vampire mosquito (D:13)
  8 water moccasins
  Duvessa (D:6)
  3 acid dragons
  3 ice beasts
  4 orc warriors
  4 sky beasts
  2 black bears
  6 wolves
  7 ogres
  A centaur (D:10)
  2 kobold brigands
  5 bullfrogs
  4 scorpions
  2 gnoll sergeants
  2 deep troll simulacra (D:14)
  3 jellies
  Dowan (D:6)
  A lindwurm simulacrum (D:14)
  A howler monkey (D:9)
  3 orc priests
  A hound (D:6)
  3 sleepcaps
  3 iguanas
  8 orc wizards
  15 gnolls
  6 adders
  A white imp (D:8)
  2 worms
  2 dart slugs
  33 orcs
  4 endoplasms
  4 goblins
  A hobgoblin (D:1)
  4 jackals
  3 quokkas
  2 ball pythons
  3 bats
  3 frilled lizards
  10 kobolds
  A rat (D:1)
315 creatures vanquished.

Vanquished Creatures (others)
  An eldritch tentacle (D:14)
  4 hydras
  A merfolk avatar (Lair:5)
  A two-headed ogre (D:13)
  A skyshark (Lair:5)
  A deep elf zephyrmancer (D:13)
  An elephant (Lair:5)
  A cane toad (Lair:5)
  A komodo dragon (Lair:5)
  A troll (D:13)
  2 wind drakes (Lair:5)
  2 polar bears (Lair:5)
  A hornet (Lair:5)
  A slime creature (D:13)
  A wyvern (Lair:4)
  A yak (Lair:5)
  A water moccasin (Lair:5)
  A jelly (Lair:5)
23 creatures vanquished.

Grand Total: 475 creatures vanquished

Notes
Turn   | Place    | Note
-------+----------+-------------------------------------------
     0 | D:1      | gruber the Tengu Summoner began the quest for the Orb.
     0 | D:1      | Reached XP level 1. HP: 10/10 MP: 4/4
    28 | D:1      | Reached skill level 5 in Summonings
   195 | D:1      | Reached XP level 2. HP: 15/15 MP: 4/6
   435 | D:1      | Found a faded altar of an unknown god.
   476 | D:1      | You fall into a shaft and drop 1 floor!
   480 | D:2      | Learned a level 2 spell: Call Imp
   495 | D:2      | Reached XP level 3. HP: 19/19 MP: 3/7
   498 | D:2      | Reached skill level 6 in Summonings
   816 | D:1      | Reached XP level 4. HP: 23/24 MP: 3/8
  1515 | D:2      | Noticed Terence
  1524 | D:2      | Learned a level 3 spell: Call Canine Familiar
  1542 | D:2      | Killed Terence
  1543 | D:2      | Reached skill level 7 in Summonings
  1827 | D:3      | Gained mutation: Your magical nature lets you fly swiftly
                  | and evasively. [Tengu growth]
  1827 | D:3      | Reached XP level 5. HP: 28/28 MP: 9/9
  2348 | D:3      | Reached skill level 8 in Summonings
  2432 | D:3      | Reached skill level 1 in Armour
  3128 | D:4      | Found Xeonapp's Distillery.
  3213 | D:4      | Found Tujit's General Store.
  3237 | D:4      | Bought a scroll of blinking for 105 gold pieces
  3237 | D:4      | Bought a potion of curing for 42 gold pieces
  3263 | D:4      | Found a blossoming altar of Fedhas.
  3386 | D:4      | Found Keshicag's Distillery.
  3435 | D:4      | Reached XP level 6. HP: 32/32 MP: 6/10
  3465 | D:4      | Found Istunaapt's Assorted Antiques.
  3556 | D:4      | Found Arod's Antique Weapon Shoppe.
  3842 | D:5      | Entered Level 5 of the Dungeon
  3853 | D:5      | Noticed a water moccasin
  3868 | D:5      | Killed a water moccasin
  4145 | D:5      | Reached XP level 7. HP: 36/36 MP: 7/11
  4272 | D:5      | Learned a level 4 spell: Summon Lightning Spire
  4392 | D:5      | Reached skill level 1 in Fighting
  4952 | D:5      | Reached XP level 8. HP: 32/48 MP: 7/12
  5398 | D:5      | Reached skill level 5 in Fighting
  5588 | D:5      | Found a staircase to the Ecumenical Temple.
  5593 | Temple   | Entered the Ecumenical Temple
  5615 | Temple   | Became a worshipper of Sif Muna the Loreminder
  5727 | D:5      | Reached skill level 1 in Air Magic
  5999 | D:6      | Noticed Eustachio
  6015 | D:6      | Killed Eustachio
  6095 | D:6      | Noticed Menkaure
  6106 | D:6      | Killed Menkaure
  6301 | D:6      | Reached skill level 9 in Summonings
  6352 | D:6      | Noticed Duvessa
  6354 | D:6      | Reached XP level 9. HP: 50/54 MP: 10/14
  6357 | D:6      | Noticed Dowan
  6363 | D:6      | Killed Duvessa
  6389 | D:6      | Killed Dowan
  6412 | D:6      | Reached skill level 10 in Summonings
  6745 | D:7      | Noticed Joseph
  6748 | D:7      | Noticed Prince Ribbit
  6885 | D:7      | Killed Joseph
  6886 | D:7      | Reached skill level 11 in Summonings
  7040 | D:7      | Reached * piety under Sif Muna
  7624 | D:7      | Reached skill level 12 in Summonings
  8174 | D:8      | Reached skill level 1 in Shields
  8397 | D:8      | Reached XP level 10. HP: 59/59 MP: 5/15
  8530 | D:8      | Noticed a two-headed ogre
  8561 | D:8      | Killed a two-headed ogre
  8599 | D:8      | Reached skill level 5 in Spellcasting
  8757 | D:8      | Found a shadowy altar of Dithmenos.
  8757 | D:8      | Found a sparkling altar of Nemelex Xobeh.
  8757 | D:8      | Found a glowing silver altar of Zin.
  8936 | D:8      | Found a hide-covered altar of Uskayaw.
  9276 | D:9      | Noticed a two-headed ogre
  9291 | D:9      | Killed a two-headed ogre
  9378 | D:9      | Found a staircase to the Orcish Mines.
  9431 | D:9      | Reached ** piety under Sif Muna
  9695 | D:9      | Noticed a two-headed ogre
  9712 | D:9      | Found a staircase to the Lair.
  9719 | D:9      | Killed a two-headed ogre
  9930 | D:9      | Reached XP level 11. HP: 63/63 MP: 17/24
 10353 | D:10     | Entered Level 10 of the Dungeon
 10399 | D:10     | Reached skill level 13 in Summonings
 10514 | D:10     | Found an ornate altar of the Wu Jian Council.
 10636 | D:10     | Noticed a centaur warrior
 10651 | D:10     | Killed a centaur warrior
 10909 | D:10     | Reached skill level 14 in Summonings
 10941 | D:10     | Noticed a skeletal warrior
 10994 | D:10     | Killed a skeletal warrior
 11426 | D:10     | Reached skill level 1 in Polearms
 11537 | D:10     | Noticed a boulder beetle
 11553 | D:10     | Killed a boulder beetle
 11838 | D:11     | Noticed a boulder beetle
 11865 | D:11     | Killed a boulder beetle
 12012 | D:11     | Noticed a two-headed ogre
 12032 | D:11     | Killed a two-headed ogre
 12033 | D:11     | Reached skill level 5 in Polearms
 12051 | D:11     | Reached *** piety under Sif Muna
 12207 | D:11     | Noticed an orc knight
 12224 | D:11     | Killed an orc knight
 12237 | D:11     | Reached XP level 12. HP: 68/68 MP: 6/25
 12829 | D:12     | Noticed a two-headed ogre
 12837 | D:12     | Killed a two-headed ogre
 12847 | D:12     | Learned a level 8 spell: Summon Horrible Things
 13048 | D:12     | Reached skill level 15 in Summonings
 13557 | D:12     | Found a broken altar of Ashenzari.
 13559 | D:12     | Noticed a two-headed ogre
 13575 | D:12     | Killed a two-headed ogre
 13920 | D:12     | Found a runed translucent gate.
 13921 | D:12     | Found a runed translucent gate.
 13922 | D:12     | Found a runed translucent gate.
 13923 | D:12     | Found an iron altar of Okawaru.
 13923 | D:12     | Noticed casual's ghost (journeyman MeMo)
 13923 | D:12     | Noticed a merfolk javelineer
 13923 | D:12     | Noticed a merfolk impaler
 13923 | D:12     | Noticed a tengu warrior
 13924 | D:12     | Noticed a centaur warrior
 13924 | D:12     | Noticed a tengu warrior
 14332 | Lair:1   | Entered Level 1 of the Lair of Beasts
 14344 | Lair:1   | Reached skill level 16 in Summonings
 14602 | Lair:1   | Learned a level 7 spell: Malign Gateway
 14664 | Lair:1   | Reached skill level 1 in Translocations
 15023 | Lair:1   | Reached **** piety under Sif Muna
 15820 | Lair:2   | Reached skill level 5 in Translocations
 16016 | Lair:2   | Reached XP level 13. HP: 72/72 MP: 22/26
 16208 | Lair:2   | Reached skill level 17 in Summonings
 16543 | Lair:2   | Reached skill level 18 in Summonings
 16850 | Lair:2   | Reached ***** piety under Sif Muna
 17183 | Lair:3   | Received a gift from Sif Muna
 17184 | Lair:3   | Got Sif Muna's Treatise on Rank Points {god gift}
 17538 | Lair:3   | Found a staircase to the Snake Pit.
 17607 | Lair:3   | Reached skill level 19 in Summonings
 18782 | Lair:4   | Reached skill level 10 in Spellcasting
 18984 | Lair:4   | Reached XP level 14. HP: 78/78 MP: 24/29
 19137 | Lair:4   | Learned a level 3 spell: Summon Guardian Golem
 19431 | Lair:4   | Reached skill level 5 in Armour
 19526 | Lair:4   | Reached skill level 5 in Dodging
 20011 | Lair:5   | Entered Level 5 of the Lair of Beasts
 20082 | Lair:5   | Received a gift from Sif Muna
 20083 | Lair:5   | Got Sif Muna's Compendium of Attacks and Beckoning {god
                  | gift}
 20283 | Lair:5   | Found a staircase to the Slime Pits.
 20286 | Lair:5   | Found a viscous altar of Jiyva.
 20331 | Lair:5   | Noticed a dire elephant
 20342 | Lair:5   | Killed a dire elephant
 21759 | Lair:5   | Identified the +10 trident of the Moon {flame, Str+2}
 22187 | D:13     | Learned a level 6 spell: Summon Cactus Giant
 22748 | D:13     | Reached skill level 10 in Polearms
 23060 | D:13     | Found a gate to the Vaults.
 23516 | D:14     | Reached XP level 15. HP: 86/86 MP: 22/31
 23622 | D:14     | Reached skill level 20 in Summonings
 23622 | D:14     | Reached XP level 16. HP: 92/92 MP: 32/32
 23883 | D:14     | Reached skill level 5 in Shields
 24158 | D:14     | Found a frozen archway.
 24350 | D:14     | Noticed Jorgrun
 24365 | D:14     | Killed Jorgrun
 24639 | D:14     | Killed from afar by an ice dragon

Illustrated notes

Levels and vault maps discovered:
D:1:      eino_arrival_water_star, layout_loops_ring,
          shapermc_ecumenical_altar_ellora
D:2:      layout_rooms, feat_on_display, uniq_terence
D:3:      layout_loops_corners, chequers_serial_rivers_small_b
D:4:      layout_loops_cross, old_standard_altar, serial_shops,
          nicolae_shop_hallway_plus, nicolae_shop_tiny_waterfront,
          nicolae_stop_n_shop_1, shop_statue, shop
D:5:      layout_cave_pods, minmay_temple_entry_butterflies,
          gup_sewer_entry_bowl
D:6:      layout_gridville, hangedman_glass_teeth, uniq_menkaure, uniq_duvessa,
          uniq_eustachio
D:7:      layout_basic, uniq_joseph, uniq_prince_ribbit1
D:8:      layout_basic, gammafunk_temple_overflow_claw,
          nicolae_uskayaw_suspiria, lightli_orcish_oven
D:9:      layout_long_grid, lair_entry_dummy,
          kennysheep_orc_monster_closet_entryway, minmay_misc_feat_room
D:10:     minmay_cornered_nines, layout_loops_ring, lemuel_doored_altar
D:11:     layout_long_grid
D:12:     layout_grid_maze, serial_glass, glass_columns_c, glass_columns_b,
          gammafunk_ghost_fury_of_okawaru, cheibrodos_ashenzari_chains
D:13:     layout_grid_maze, david_vaults_1
D:14:     layout_roguey, portal_ice_cave_entry_ice_simulacra,
          minmay_the_grid_2x2 [minmay_the_grid_tree,
          minmay_the_grid_stretched_grid, minmay_the_grid_plusring,
          minmay_the_grid_prize_inner_circle], uniq_jorgrun
Temple:   minmay_temple_bridge_d
Lair:1:   dreamdust_cave_troll, layout_regular_city, grunt_megastairs_1
Lair:2:   layout_roguey, nicolae_shoals_entry_flooding,
          hangedman_lair_generics_rect
Lair:3:   layout_cave_pods, dummy_snake_entry
Lair:4:   layout_gridlike, grunt_megastairs_5
Lair:5:   gammafunk_lair_ancient_temple, layout_loops_ring,
          nicolae_slime_entry_field_trip, uniq_nessos

Skill      XL: |  1  2  3  4  5  6  7  8  9 10 11 12 13 14 15 16 |
---------------+-------------------------------------------------+-----
Summonings     | 5 6 7 8 9 12 14 16 19 20 | 20.1
Armour         | 2 4 7 |  7.0
Dodging        | 3 4 7 |  7.0
Fighting       | 4 5 7 |  7.3
Spellcasting   | 3 8 10 11 | 11.0
Air Magic      | 6 |  6.0
Shields        | 4 7 |  7.6
Polearms       | 7 9 10 11 | 11.1
Translocations | 5 |  5.0
Stealth        | |  2.0

Action                     |  1- 3 |  4- 6 |  7- 9 | 10-12 | 13-15 | 16-18 || total
---------------------------+-------+-------+-------+-------+-------+-------++-------
  Melee: Unarmed           |    16 |       |       |       |       |       ||    16
         Kick              |     6 |    21 |    39 |    49 |    97 |    10 ||   222
         Punch             |     1 |       |     1 |       |       |       ||     2
         Peck              |     3 |    16 |    22 |    29 |    54 |     8 ||   132
         Whip              |    10 |    39 |    79 |       |       |       ||   128
         Dagger            |       |    70 |       |       |       |       ||    70
         Spear             |       |       |     6 |    42 |       |       ||    48
         Trident           |       |       |       |   135 |   304 |    50 ||   489
  Throw: Dart              |       |       |     2 |       |       |       ||     2
   Cast: Summon Small Mamm |    38 |    14 |    37 |    32 |    80 |     2 ||   203
         Call Imp          |     5 |    12 |    35 |    27 |    46 |     1 ||   126
         Call Canine Famil |       |    23 |    53 |    95 |   103 |    10 ||   284
         Summon Lightning  |       |       |    12 |    47 |    29 |       ||    88
         Summon Guardian G |       |       |       |       |    52 |     7 ||    59
         Summon Cactus Gia |       |       |       |       |    11 |    15 ||    26
         Summon Horrible T |       |       |       |       |       |     1 ||     1
         Malign Gateway    |       |       |       |       |       |     1 ||     1
  Evoke: Wand              |       |       |       |       |     2 |       ||     2
    Use: Potion            |       |     2 |     1 |       |     4 |       ||     7
         Scroll            |       |       |       |    10 |     6 |     1 ||    17
   Stab: Distracted        |     1 |     1 |     3 |     7 |     5 |     1 ||    18
         Sleeping          |       |     5 |       |     2 |     1 |       ||     8
 Armour: Robe              |    11 |    15 |    11 |    15 |       |       ||    52
         Skin              |       |     1 |       |       |       |       ||     1
         Leather armour    |       |       |     2 |       |       |       ||     2
         Troll leather arm |       |       |       |     9 |    38 |     5 ||    52
  Dodge: Dodged            |    33 |    65 |    58 |    90 |   142 |     6 ||   394
  Block: Buckler           |       |       |     1 |    22 |    42 |     6 ||    71

Table legend: (Time is in decaauts)
 A = Elapsed time spent in this place.
 B = Non-inter-level travel time spent in this place.
 C = Inter-level travel time spent in this place.
 D = Time resting spent in this place.
 E = Time spent auto-exploring this place.
 F = Levels seen in this place.
 G = Mean time per level.
                   A        B        C        D        E       F      G
               +--------+--------+--------+--------+--------+-----+--------+
         Total |  23417 |  22499 |    918 |    987 |  17062 |  20 | 1170.8 |
       Dungeon |  16124 |  15521 |    603 |    558 |  12041 |  14 | 1151.7 |
        Temple |     40 |      1 |     39 |      0 |      0 |   1 |   40.0 |
          Lair |   7251 |   6977 |    274 |    429 |   5020 |   5 | 1450.2 |
               +--------+--------+--------+--------+--------+-----+--------+

Top non-repeatable levels by time:
     D:5: 1893 daAuts
  Lair:5: 1657 daAuts
  Lair:4: 1526 daAuts
  Lair:1: 1486 daAuts
  Lair:3: 1433 daAuts
    D:12: 1411 daAuts
    D:10: 1386 daAuts
    D:13: 1347 daAuts
     D:8: 1169 daAuts
  Lair:2: 1148 daAuts
     D:1: 1121 daAuts
     D:7: 1118 daAuts
     D:3: 1115 daAuts
    D:14: 1099 daAuts
     D:9: 1084 daAuts
